 Seeded DCSS version 0.29.1-15-g9cfb28693d (webtiles) character file.

Game seed: 18288144697269755900 (custom seed)

17244 hbarley the Severer (level 12, -4/96 HPs)
             Began as a Hill Orc Fighter on Apr 24, 2023.
             Was an Elder of Hepliaklqana.
             Slain by a 19-headed hydra (10 damage)
             ... on level 12 of the Dungeon.
             The game lasted 00:32:28 (13492 turns).

hbarley the Severer (Hill Orc Fighter)             Turns: 13492, Time: 00:32:28

Health: -4/96      AC: 18    Str: 30    XL:     12   Next: 46%
Magic:  12/12      EV: 15    Int: 13    God:    Hepliaklqana [****..]
Gold:   572        SH: 12    Dex: 13    Spells: 11/11 levels left

rFire   . . .      SeeInvis .   u - +8 hand axe of Ezifas {spect, Int+5 Dex+3}
rCold   . . .      Faith    .   c - +0 buckler
rNeg    . . .      Spirit   .   V - +3 chain mail
rPois   .          Reflect  +   I - +0 hat {Will+}
rElec   .          Harm     .   Q - +0 cloak
rCorr   .          Rampage  .   D - +0 pair of gloves
Will    +....                   A - +1 pair of boots
Stlth   ..........              x - amulet of reflection
HPRegen 0.26/turn               C - +4 ring of evasion
MPRegen 0.13/turn               J - +6 ring of strength

@: studying Shields
A: reduced essence
a: Renounce Religion, Ancestor Life: Knight, Ancestor Life: Battlemage, Ancestor
Life: Hexer, Recall Ancestor, Ancestor Identity, Transference, Idealise


You were on level 12 of the Dungeon.
You worshipped Hepliaklqana.
Hepliaklqana was greatly pleased with you.
You visited 2 branches of the dungeon, and saw 13 of its levels.

You collected 572 gold pieces.

Inventory:

Hand Weapons
 a - a +0 war axe
 u - the +8 hand axe of Ezifas (weapon) {spect, Int+5 Dex+3}
   (You found it on level 2 of the Dungeon)

   When its wielder attacks, the weapon's spirit leaps out and strikes again.
   The spirit shares a part of any damage it takes with its wielder.
   Int:       It affects your intelligence (+5).
   Dex:       It affects your dexterity (+3).
 O - a +5 war axe
 X - the +8 Vampire's Tooth {vamp}
   (You found it on level 12 of the Dungeon)

   It occasionally heals its wielder for the full amount of damage dealt when it
   wounds a living foe.
Missiles
 W - 2 throwing nets (quivered)
Armour
 b - a +0 scale mail
 c - a +0 buckler (worn)
 y - the +3 leather armour of Analysis {Dex+4}
   (You found it on level 4 of the Dungeon)

   Dex:       It affects your dexterity (+4).
 A - a +1 pair of boots (worn)
 D - a +0 pair of gloves (worn)
 I - a +0 hat of willpower (worn)
 L - a +0 plate armour
 N - +0 steam dragon scales
 Q - a +0 cloak (worn)
 V - a +3 chain mail (worn)
Jewellery
 x - an amulet of reflection (around neck)
 C - a +4 ring of evasion (left hand)
 J - a +6 ring of strength (right hand)
 R - an amulet of magic regeneration
Wands
 B - a wand of light (14)
 E - a wand of digging (5)
 G - a wand of iceblast (8)
 K - a wand of paralysis (11)
Scrolls
 e - a scroll of enchant armour {unknown}
 g - 3 scrolls of blinking {unknown}
 i - 4 scrolls of magic mapping {unknown}
 j - 4 scrolls of amnesia {unknown}
 k - 4 scrolls of teleportation {unknown}
 o - 15 scrolls of identify {unknown}
 q - 4 scrolls of fear {unknown}
 s - 4 scrolls of vulnerability {unknown}
 v - 2 scrolls of torment {unknown}
 w - 3 scrolls of immolation {unknown}
 z - a scroll of brand weapon {unknown}
 F - 2 scrolls of enchant weapon {unknown}
 M - a scroll of fog {unknown}
 S - a scroll of poison {unknown}
 T - 2 scrolls of noise {unknown}
 U - a scroll of summoning {unknown}
Potions
 d - a potion of might
 f - a potion of berserk rage {unknown}
 h - 11 potions of curing {unknown}
 l - 3 potions of lignification {unknown}
 m - 4 potions of flight {unknown}
 n - 5 potions of heal wounds {unknown}
 p - a potion of ambrosia {unknown}
 r - 2 potions of mutation {unknown}
 t - 3 potions of attraction {unknown}
 H - a potion of degeneration {unknown}
 P - a potion of haste {unknown}


   Skills:
 + Level 10.4 Fighting
 + Level 15.2 Axes
 + Level 7.6 Armour
 + Level 5.6 Dodging
 + Level 5.8 Stealth
 + Level 11.6 Shields


You had 11 spell levels left.
You didn't know any spells.
Your spell library contained the following spells:

 Spells                   Type           Power      Damage    Failure   Level
 Beastly Appendage        Tmut           0%         N/A       85%         1
 Shock                    Conj/Air       0%         1d3       85%         1
 Slow                     Hex            0%         N/A       85%         1
 Static Discharge         Conj/Air       0%         3-3/arc   94%         2
 Sublimation of Blood     Necr           0%         N/A       94%         2
 Wereblood                Tmut           0%         N/A       94%         2
 Call Canine Familiar     Summ           0%         N/A       99%         3
 Confusing Touch          Hex            0%         N/A       99%         3
 Gell's Gravitas          Tloc           0%         N/A       99%         3
 Portal Projectile        Hex/Tloc       0%         N/A       99%         3
 Spider Form              Tmut/Pois      0%         N/A       99%         3
 Swiftness                Air            0%         N/A       99%         3
 Teleport Other           Tloc           0%         N/A       99%         3
 Vampiric Draining        Necr           0%         2d6       99%         3
 Airstrike                Air            0%         2d(0-16)  100%        4
 Dispel Undead            Necr           0%         3d6       100%        4
 Leda's Liquefaction      Hex/Erth       0%         N/A       100%        4
 Petrify                  Tmut/Erth      0%         N/A       100%        4
 Sticky Flame             Conj/Fire      0%         2d3       100%        4
 Irradiate                Conj/Tmut      0%         3d11      100%        5
 Dispersal                Tloc           0%         N/A       100%        6


Dungeon Overview and Level Annotations

Branches:
Dungeon (12/15)            Temple (1/1) D:5            Lair (0/5) D:9
    Orc (0/2) D:10

Altars:
Ashenzari
Elyvilon
Fedhas
Hepliaklqana
Kikubaaqudgha
Makhleb
Qazlal
Ru
Uskayaw
Vehumet
Xom
Yredelemnul
Zin

Shops:
D:7 (   D:9 (

Annotations:
D:4 3 runed translucent doors, Trollhunterz's ghost, amateur GnCA
D:7 1 runed translucent door


Message History

The 17-headed hydra bites you but does no damage. x4
The 17-headed hydra barely misses you.
You chop one of the 17-headed hydra's heads off!
The 16-headed hydra grows two more!
You slash the 18-headed hydra!
The 18-headed hydra is lightly wounded.
Your +8 hand axe of Ezifas {spect, Int+5 Dex+3} hits the 18-headed hydra!
Your +8 hand axe of Ezifas {spect, Int+5 Dex+3} slices one of the 18-headed hydra's heads off!
The 17-headed hydra grows two more!
The 19-headed hydra closely misses you.
You block the 19-headed hydra's attack. x2
The 19-headed hydra closely misses you. The 19-headed hydra misses you.
The 19-headed hydra bites you!
The 19-headed hydra bites you but does no damage.
The 19-headed hydra bites you.
* * * LOW HITPOINT WARNING * * *
You block the 19-headed hydra's attack. The 19-headed hydra bites you!
* * * LOW HITPOINT WARNING * * *
The 19-headed hydra bites you.
* * * LOW HITPOINT WARNING * * *
The 19-headed hydra barely misses you. You block the 19-headed hydra's attack.
The 19-headed hydra bites you.
* * * LOW HITPOINT WARNING * * *
The 19-headed hydra closely misses you. The 19-headed hydra bites you.
* * * LOW HITPOINT WARNING * * *
The 19-headed hydra barely misses you.
The 19-headed hydra bites you but does no damage. x2
You hack one of the 19-headed hydra's heads off!
The 18-headed hydra grows two more!
You slash the 20-headed hydra!
The 20-headed hydra is moderately wounded.
Your +8 hand axe of Ezifas {spect, Int+5 Dex+3} hits the 20-headed hydra!
Your +8 hand axe of Ezifas {spect, Int+5 Dex+3} hacks one of the 20-headed hydra's heads off!
You hack one of the 19-headed hydra's heads off!
The 18-headed hydra grows two more!
You slash the 20-headed hydra!
The 20-headed hydra is heavily wounded.
Your +8 hand axe of Ezifas {spect, Int+5 Dex+3} hits the 20-headed hydra!
Your +8 hand axe of Ezifas {spect, Int+5 Dex+3} slices one of the 20-headed hydra's heads off!
The 19-headed hydra bites you but does no damage.
You block the 19-headed hydra's attack. x2; The 19-headed hydra bites you.
* * * LOW HITPOINT WARNING * * *
The 19-headed hydra barely misses you. The 19-headed hydra bites you!
You die...

#.......# .#
#....#### .[ #....#
#.# ###....# #..
###....##### #..
............#
#.####..#######.#
#.D(#..# ####.##
#@R.# #.....# ##.>#
#.....# ##.# #.....#
#.# #.....#
########.#########.##
.............[# #.#
#########.##.### #.#
..#.......##.######.#
#.#.########........#


You could see the friendly Publius the ancestor, a 19-headed hydra (ally target)
and a friendly +8 hand axe of Ezifas {spect, Int+5 Dex+3} (summoned).

Vanquished Creatures
  2 boulder beetles
  A two-headed ogre (D:10)
  Erica (D:9)
  Sonja (D:11)
  Nergalle (D:10)
  Pikel (D:9)
  An orc knight (D:11)
  A manticore (D:11)
  Joseph (D:9)
  A gargoyle (D:10)
  2 tyrant leeches (D:12)
  2 trolls
  A meliai (shapeshifter) (D:12)
  Grinder (D:5)
  Sigmund (D:6)
  A shadow (D:10)
  2 vampires (D:12)
  3 wraiths
  3 wyverns (D:9)
  17 yaks
  A basilisk (D:9)
  5 steam dragons
  4 vampire mosquitoes (D:12)
  An acid dragon (D:12)
  2 ice beasts
  7 orc warriors
  A sky beast (D:7)
  An ogre (D:4)
  11 centaurs
  A lemure (D:9)
  2 phantoms
  A bullfrog (D:7)
  A necrophage (D:4)
  A scorpion (D:4)
  A gnoll sergeant (D:11)
  5 wights
  A jelly (D:8)
  4 howler monkeys
  7 orc priests
  A bullfrog zombie (D:5)
  A gnoll bouda (D:7)
  A hound (D:7)
  A scorpion zombie (D:5)
  3 iguanas
  22 orc wizards
  A hound skeleton (D:5)
  7 adders
  7 gnolls
  A white imp (D:8)
  An ufetubus (D:7)
  An adder skeleton (D:5)
  A worm (D:5)
  A dart slug (D:2)
  70 orcs
  6 endoplasms
  4 giant cockroaches
  6 goblins
  7 hobgoblins
  3 jackals (D:4)
  6 quokkas
  12 ball pythons
  4 bats
  9 frilled lizards
  14 kobolds
  6 rats
297 creatures vanquished.

Vanquished Creatures (collateral kills)
  A two-headed ogre (D:10)
  A kobold demonologist (D:11)
  2 yaks
  A howler monkey (D:12)
  A hound (D:7)
  An orc priest (D:10)
  An orc wizard (D:8)
  5 orcs (D:10)
13 creatures vanquished.

Vanquished Creatures (others)
  2 ancestors (D:12)
  6 plants
  5 withered plants (D:5)
13 creatures vanquished.

Grand Total: 323 creatures vanquished

Notes
Turn   | Place    | Note
-------+----------+-------------------------------------------
     0 | D:1      | hbarley the Hill Orc Fighter began the quest for the Orb.
     0 | D:1      | Reached XP level 1. HP: 19/19 MP: 1/1
   277 | D:1      | Reached skill level 3 in Axes
   277 | D:1      | Reached XP level 2. HP: 27/27 MP: 2/2
   896 | D:1      | Reached XP level 3. HP: 32/33 MP: 3/3
  1395 | D:2      | Reached XP level 4. HP: 40/40 MP: 4/4
  1450 | D:2      | Reached skill level 4 in Axes
  1647 | D:2      | Identified the +8 hand axe of Ezifas {spect, Int+5 Dex+3}
  1823 | D:2      | Reached skill level 1 in Dodging
  2572 | D:3      | Reached XP level 5. HP: 26/46 MP: 5/5
  2581 | D:3      | HP: 1/46 [something (3)]
  2948 | D:3      | You fall into a shaft and drop 1 floor!
  2958 | D:4      | Found a runed translucent gate.
  2958 | D:4      | Found a runed translucent gate.
  2959 | D:4      | Found a runed translucent gate.
  2990 | D:4      | Noticed an ice beast
  2997 | D:4      | Killed an ice beast
  2998 | D:4      | Reached skill level 5 in Axes
  2998 | D:4      | Reached XP level 6. HP: 36/53 MP: 6/6
  4032 | D:4      | Reached skill level 6 in Axes
  4055 | D:4      | Reached XP level 7. HP: 36/60 MP: 7/7
  4263 | D:4      | Reached skill level 5 in Fighting
  4263 | D:4      | Reached skill level 5 in Armour
  4285 | D:4      | Reached skill level 7 in Axes
  4639 | D:4      | Noticed Trollhunterz's ghost (amateur GnCA)
  4717 | D:4      | Identified the +3 leather armour of Analysis {Dex+4}
  4915 | D:5      | Entered Level 5 of the Dungeon
  5030 | D:5      | Found a staircase to the Ecumenical Temple.
  5039 | Temple   | Entered the Ecumenical Temple
  5050 | Temple   | Became a worshipper of Hepliaklqana the Forgotten
  5113 | D:5      | Found a glowing silver altar of Zin.
  5234 | D:5      | Noticed Grinder
  5240 | D:5      | Reached skill level 1 in Stealth
  5241 | D:5      | Paralysed by Grinder for 4 turns
  5245 | D:5      | Killed Grinder
  5246 | D:5      | Reached skill level 8 in Axes
  5246 | D:5      | Reached XP level 8. HP: 59/69 MP: 8/8
  5368 | D:5      | Found a sacrificial altar of Ru.
  5462 | D:5      | Found a stormy altar of Qazlal.
  5698 | D:5      | Reached * piety under Hepliaklqana
  5810 | D:6      | Noticed Sigmund
  5817 | D:6      | Killed Sigmund
  5818 | D:6      | Reached skill level 9 in Axes
  5818 | D:6      | Reached skill level 5 in Shields
  6530 | D:7      | Reached XP level 9. HP: 70/70 MP: 9/9
  6852 | D:7      | Found Aroots Hery's Antique Weapon Boutique.
  6953 | D:7      | Found a shimmering altar of Xom.
  7013 | D:7      | Found a runed translucent door.
  7316 | D:8      | Reached skill level 10 in Axes
  7528 | D:8      | Reached ** piety under Hepliaklqana
  7629 | D:8      | Found a basalt altar of Yredelemnul.
  7638 | D:8      | Reached skill level 11 in Axes
  7852 | D:8      | Found a hide-covered altar of Uskayaw.
  8200 | D:8      | Reached XP level 10. HP: 76/77 MP: 10/10
  8749 | D:9      | Noticed Pikel
  8761 | D:9      | Killed Pikel
  8951 | D:9      | Reached skill level 12 in Axes
  9245 | D:9      | Noticed Joseph
  9252 | D:9      | Found a broken altar of Ashenzari.
  9257 | D:9      | Killed Joseph
  9258 | D:9      | Reached skill level 13 in Axes
  9397 | D:9      | Found Fegaluofiq's Weapon Emporium.
  9648 | D:9      | Reached *** piety under Hepliaklqana
  9799 | D:9      | Reached XP level 11. HP: 85/85 MP: 11/11
  9814 | D:9      | Found a staircase to the Lair.
 10163 | D:9      | Found a white marble altar of Elyvilon.
 10209 | D:10     | Entered Level 10 of the Dungeon
 10209 | D:10     | Noticed Erica
 10209 | D:10     | Noticed a two-headed ogre
 10215 | D:10     | Killed a two-headed ogre
 10224 | D:9      | Killed Erica
 10224 | D:9      | HP: 4/85 [poisoned by Erica (bolt of poison)]
 10591 | D:10     | Reached skill level 14 in Axes
 10676 | D:10     | Found a staircase to the Orcish Mines.
 10798 | D:10     | Found a burning altar of Makhleb.
 10821 | D:10     | Noticed a two-headed ogre
 10828 | D:10     | Killed a two-headed ogre
 10875 | D:10     | Found a blossoming altar of Fedhas.
 10958 | D:10     | Reached skill level 5 in Stealth
 11074 | D:10     | Noticed Nergalle
 11082 | D:10     | Killed Nergalle
 11289 | D:11     | Noticed Sonja
 11300 | D:11     | Killed Sonja
 11301 | D:11     | Reached skill level 5 in Dodging
 11504 | D:11     | Noticed a manticore
 11515 | D:11     | Killed a manticore
 11653 | D:11     | Noticed a boulder beetle
 11686 | D:11     | Killed a boulder beetle
 11687 | D:11     | Reached skill level 10 in Shields
 11687 | D:11     | Reached XP level 12. HP: 34/95 MP: 12/12
 12010 | D:11     | Reached skill level 10 in Fighting
 12023 | D:11     | Reached skill level 15 in Axes
 12756 | D:12     | Reached **** piety under Hepliaklqana
 12957 | D:12     | Found the +8 Vampire's Tooth {vamp}
 13341 | D:12     | Noticed a boulder beetle
 13364 | D:12     | Killed a boulder beetle
 13480 | D:12     | Noticed a seven-headed hydra
 13492 | D:12     | Slain by a 19-headed hydra

Illustrated notes

Levels and vault maps discovered:
D:1:      minmay_arrival_split_and_join, layout_loops_corners,
          minmay_misc_feat_columns, kennysheep_another_room,
          hangedman_decor_push, moated_statue
D:2:      layout_loops_ring, serial_park_tiny_1, lexackson_kobold_supper
D:3:      layout_rooms
D:4:      layout_loops_ring, gammafunk_ghost_necromancy,
          chequers_serial_rivers_micro_b
D:5:      layout_loops_ring, nicolae_ru_awakened_eye, zin_treasury,
          mainiacjoe_overflow_cross_hatched, minmay_temple_entry_trees,
          serial_undead, serial_undead_f, serial_undead_c, serial_undead_c,
          serial_undead_e, serial_bayou_ford_a, minmay_liquid_box, uniq_grinder
D:6:      layout_loops_ring, uniq_sigmund
D:7:      layout_loops_ring, old_standard_altar, serial_shops,
          nicolae_shop_trees, lightli_church_of_beogh
D:8:      nicolae_cairo_tiling_large, layout_loops_corners,
          mainiacjoe_overflow_boulevard, mainiacjoe_overflow_24_doors,
          enter_bailey_2, hangedman_minor_gate_pass
D:9:      layout_small_grid, nicolae_elyvilon_temple_path,
          mainiacjoe_overflow_paths, erik_lair_dragon, serial_shops,
          nicolae_shop_bloodbath_and_beyond, uniq_pikel, uniq_joseph
D:10:     layout_rooms, fedhas_altar_2, kennysheep_mini_moat, hiddenorc2_lemuel,
          uniq_erica, uniq_nergalle
D:11:     layout_basic, uniq_sonja
D:12:     layout_basic, nicolae_trove_entry_free_sample, grunt_ministairs_14,
          columned_hall_lemuel, minmay_guarded_unrand_vampires_tooth,
          uniq_rupert
Temple:   hellmonk_temple_flake

Skill      XL: |  1  2  3  4  5  6  7  8  9 10 11 12 |
---------------+-------------------------------------+-----
Axes           | 3 4 5 6 8 9 11 13 14 15 | 15.2
Fighting       | 4 5 6 7 8 9 10 | 10.4
Dodging        | 1 2 3 4 5 |  5.6
Armour         | 4 5 6 7 |  7.6
Shields        | 4 5 6 7 10 11 | 11.6
Stealth        | 1 2 3 4 5 |  5.8

Action                   |  1- 3 |  4- 6 |  7- 9 | 10-12 || total
-------------------------+-------+-------+-------+-------++-------
Melee: War axe           |    84 |   137 |       |       ||   221
       Hand axe          |       |     4 |   189 |   341 ||   534
Invok: Ancestor Identity |       |       |       |     1 ||     1
 Stab: Sleeping          |       |       |     2 |     1 ||     3
       Distracted        |       |       |     1 |     6 ||     7
Armor: Scale mail        |    48 |    84 |     7 |       ||   139
       Leather armour    |       |       |    25 |     1 ||    26
       Steam dragon scal |       |       |       |    19 ||    19
       Plate armour      |       |       |       |     7 ||     7
       Chain mail        |       |       |       |    64 ||    64
Dodge: Dodged            |    37 |    59 |    53 |   146 ||   295
Block: Buckler           |    18 |    29 |    77 |   138 ||   262
       Reflection        |       |       |     2 |    15 ||    17
